Workbook

Sheet DETALHAMENTO VALORES SUBJETIVOS
A1: DETALHAMENTO COM A COMPOSIÇÃO DOS CAMPOS OUTROS BENEFÍCIOS OBRIGATÓRIOS, OUTROS INSUMOS E DESPESAS ADMINISTRATIVAS/OPERACIONAIS
A3: Obs.: Apenas os campos em amarelo serão preenchidos pelo licitante.
A5: OUTROS INSUMOS | B5: VALOR MENSAL (R$) | C5: Justificativa
A12: TOTAL DE OUTROS INSUMOS | B12: =SUM(B6:B11) -> 0
A14: OUTROS BENEFÍCIOS OBRIGATÓRIOS | B14: VALOR MENSAL (R$) | C14: Justificativa
A22: TOTAL DE OUTROS BENEFÍCIOS OBRIGATÓRIOS | B22: =SUM(B15:B21) -> 0
A24: DETALHAMENTO DAS DESPESAS ADMINISTRATIVAS/OPERACIONAIS | B24: Percentual (%)
A37: TOTAL DAS DESPESAS ADMINISTRATIVAS/OPERACIONAIS | B37: =SUM(B25:B36) -> 0

Sheet Quadro Resumo
B2: QUADRO RESUMO
B4: Obs.: Apenas os campos em amarelo serão preenchidos pelo licitante.
A6: Nº | B6: Posto de trabalho | C6: Salário-base (R$) | D6: Custo total unitário (R$) | E6: Quantidade | F6: Valor mensal (R$) | G6: Valor anual (R$) | H6: Valor global (R$)
A7: 1 | B7: ASSISTENTE ADMINISTRATIVO I | C7: 4815 | D7: ='Posto 1'!D84 -> 10822.19 | E7: 12 | F7: =E7*D7 -> 129866.28 | G7: =F7*12 -> 1558395.4 | H7: =5*G7 -> 7791976.8
A8: 2 | B8: ASSISTENTE ADMINISTRATIVO II | C8: 7202.11 | D8: ='Posto 2'!D84 -> 14818.9 | E8: 30 | F8: =E8*D8 -> 444567 | G8: =F8*12 -> 5334804 | H8: =5*G8 -> 26674020
A9: 3 | B9: ENCARREGADO ADMINISTRATIVO | C9: 9630 | D9: ='Posto 3'!D86 -> 18968.64 | E9: 3 | F9: =E9*D9 -> 56905.92 | G9: =F9*12 -> 682871.04 | H9: =5*G9 -> 3414355.2
B10: PREÇOS TOTAIS (MENSAL, ANUAL E GLOBAL PELA CONTRATAÇÃO): | F10: =SUM(F7:F9) -> 631339.2 | G10: =SUM(G7:G9) -> 7576070.4 | H10: =SUM(H7:H9) -> 37880352
B12: Bonificação e outras despesas | C12: Percentual
B13: Lucro
B14: Despesas administrativas/operacionais | C14: ='DETALHAMENTO VALORES SUBJETIVOS'!B37 -> 0
B16: Encargos sociais incidentes sobre a remuneração | C16: Percentual
B17: Seguro de Acidente e Trabalho - RAT x FAP
B19: Tributação sobre o faturamento | C19: Percentual
B20: ISSQN ou ISS
B21: COFINS
B22: PIS/PASEP
B24: Obs.: Os valores obtidos como quocientes ou por meio de aplicação de taxas percentuais serão truncados na segunda casa decimal, nos termos da Lei Federal nº 9.069/1995, art. 1º, §5º.

Sheet Posto 1
A1: ="PLANILHA DE COMPOSIÇÃO DE CUSTOS E FORMAÇÃO DE PREÇOS - " & 'Quadro Resumo'!B7 -> PLANILHA DE COMPOSIÇÃO DE CUSTOS E FORMAÇÃO DE PREÇOS - ASSISTENTE ADMINISTRATIVO I
A3: I - SALÁRIO BASE DO PROFISSIONAL | D3: VALOR | E3: -
A4: ='Quadro Resumo'!B7 -> ASSISTENTE ADMINISTRATIVO I | C4: Carga horária de 220h | D4: ='Quadro Resumo'!C7 -> 4815 | E4: -
A6: II - COMPOSIÇÃO DA REMUNERAÇÃO | B6: QUANTIDADE | C6: MEMÓRIA DE CÁLCULO | D6: VALOR | E6: FUNDAMENTO
A7: Salário-base | B7: - | C7: - | D7: =TRUNC(D4,2) -> 4815
A8: TOTAL II | B8: - | C8: (soma) | D8: =SUM(D7:D7) -> 4815 | E8: -
A10: III - ENCARGOS SOCIAIS E TRABALHISTAS
A11: GRUPO III-A - Encargos previdenciários, FGTS e outras contribuições | B11: PERCENTUAL | C11: MEMÓRIA DE CÁLCULO | D11: VALOR | E11: FUNDAMENTO
A12: A.01 INSS | B12: 0.2 | C12: 20,000% * TOTAL II | D12: =TRUNC(B12*$D$8,2) -> 963 | E12: Art. 22, inciso I da Lei nº 8.212/91
A13: A.02 FGTS | B13: 0.08 | C13: 8,000% * TOTAL II | D13: =TRUNC(B13*$D$8,2) -> 385.2 | E13: Art. 15, Lei 8.030/90, e Art. 7º , III, CF.
A14: A.03 SESI/SESC | B14: 0.015 | C14: 1,500% * TOTAL II | D14: =TRUNC(B14*$D$8,2) -> 72.22 | E14: Art. 30, Lei 8.036/90.
A15: A.04 SENAI/SENAC | B15: 0.01 | C15: 1,000% * TOTAL II | D15: =TRUNC(B15*$D$8,2) -> 48.15 | E15: Decreto 2.318/86.
A16: A.05 INCRA | B16: 0.002 | C16: 0,200% * TOTAL II | D16: =TRUNC(B16*$D$8,2) -> 9.63 | E16: Lei 7.787/89 e DL 1.146/70.
A17: A.06 SEBRAE | B17: 0.006 | C17: 0,600% * TOTAL II | D17: =TRUNC(B17*$D$8,2) -> 28.89 | E17: Art. 8º, Lei 8.029/90, e Lei 8.154/90.
A18: A.07 Salário educação | B18: 0.025 | C18: 2,500% * TOTAL II | D18: =TRUNC(B18*$D$8,2) -> 120.37 | E18: Art. 3º, I, Decreto 87.043/82.
A19: A.08 Riscos ambientais do trabalho - RAT x FAP | B19: ='Quadro Resumo'!C17 -> 0 | C19: %(RAT*FAP) * TOTAL II | D19: =TRUNC(B19*$D$8,2) -> 0 | E19: Art. 22, inciso II, Lei nº 8.212/91 e Resolução MPS/CNPS Nº 1.316/10
A20: TOTAL III-A | B20: =SUM(B12:B19) -> 0.338 | C20: (soma) | D20: =SUM(D12:D19) -> 1627.46 | E20: -
A22: GRUPO III-B - 13º salário | B22: PERCENTUAL | C22: MEMÓRIA DE CÁLCULO | D22: VALOR | E22: FUNDAMENTO
A23: B.01 13º salário | B23: =(1/12) -> 0.083333333 | C23: (1/12) * TOTAL II | D23: =TRUNC(B23*$D$8,2) -> 401.25 | E23: Art. 7º, VIII, CF/88.
A24: B.02 Incidência dos encargos do grupo A sobre o 13º | B24: =B20*B23 -> 0.028166667 | C24: %TOTAL III-A * %B.01 * TOTAL II | D24: =TRUNC(B24*$D$8,2) -> 135.62 | E24: Art. 15, da Lei 8.036/90, e o art. 214 do Decreto 3.048/1999
A25: TOTAL III-B | B25: =SUM(B23:B24) -> 0.1115 | C25: (soma) | D25: =SUM(D23:D24) -> 536.87 | E25: -
A27: GRUPO III-C - Custo de reposição do profissional ausente | B27: PERCENTUAL | C27: MEMÓRIA DE CÁLCULO | D27: VALOR | E27: FUNDAMENTO
A28: C.01 Férias | B28: =1/12 -> 0.083333333 | C28: (1/12) * TOTAL II | D28: =TRUNC(B28*$D$8,2) -> 401.25 | E28: Art. 7º, XVII, CF/88 e arts. 129 a 153 da CLT.
A29: C.02 Adicional de férias | B29: =(1/3)/12 -> 0.027777778 | C29: (1/3)/12 * TOTAL II | D29: =TRUNC(B29*$D$8,2) -> 133.75 | E29: Art. 7º, XVII, CF/88 e arts. 129 a 153 da CLT.
A30: C.03 Insumos e benefícios1 | B30: =D30/D8 -> 0.034438214 | C30: (TOTAL IV - vale transporte)/12 | D30: =TRUNC((D69-(D62+D63))/12,2) -> 165.82 | E30: Súmula 159 do TST.
A31: C.04 Ausência por doença2 | B31: =(5.96/30)/12 -> 0.016555556 | C31: (5,96/30)/12 * TOTAL II | D31: =TRUNC(B31*$D$8,2) -> 79.71 | E31: Art. 59 a 64, Lei 8.213/91.
A32: C.05 Auxílio doença acidentário3 | B32: =(((15/30)/12)*0.00743) -> 0.00030958333 | C32: ((15/30)/12)* 0,00743 * TOTAL II | D32: =TRUNC(B32*$D$8,2) -> 1.49 | E32: Art. 19 a 23 da Lei, 8.213/91.
A33: C.06 Faltas legais4 | B33: =(2.96/30)/12 -> 0.0082222222 | C33: (2,96/30)/12 * TOTAL II | D33: =TRUNC(B33*$D$8,2) -> 39.59 | E33: Art. 473, CLT.
A34: C.07 Licença paternidade5 | B34: =(5/30)/12*0.01057*0.59 -> 8.6615278e-05 | C34: (5/30)/12 * 0,01057 * 0,59 * TOTAL II | D34: =TRUNC(B34*$D$8,2) -> 0.41 | E34: Art. 7º, XIX, CF/88, e 10, §1º, CLT.
A35: C.08 Aviso prévio trabalhado6 | B35: =(7/30)/12 -> 0.019444444 | C35: [(7/30)/12] * TOTAL II | D35: =TRUNC(B35*$D$8,2) -> 93.62 | E35: Art. 7º, XXI, CF/88, 477, 487 e 491 CLT.
A36: C.09 Afastamento maternidade7 | B36: =D36/D8 -> 0.00075597092 | C36: [(Férias + adicional de férias)/12 + (TOTAL IV - vale transporte)] * (4/12) * 0,01057 * 0,41 * TOTAL II | D36: =TRUNC(((D8*(1+(1/3))/12)+D69-(D62+D63))*(4/12)*0.01057*0.41,2) -> 3.64 | E36: Art. 7º, XVII, CF/88 e arts. 129 a 153 da CLT.
A37: C.10 Incidência dos encargos do grupo A sobre itens anteriores | B37: =B20*SUM(B28:B35) -> 0.064276698 | C37: %TOTAL III-A * %(C.01+C.02+C.03+C.04+C.05+C.06+C.07+C.08) * TOTAL II | D37: =TRUNC(B37*$D$8,2) -> 309.49 | E37: Art. 15, da Lei 8.036/90, e o art. 214 do Decreto 3.048/1999
A38: C.11 Incidência dos encargos do grupo A sobre a remuneração do afastamento maternidade | B38: =B20*B36 -> 0.00025551817 | C38: %TOTAL III-A * %C.09 * TOTAL II | D38: =TRUNC(B38*$D$8,2) -> 1.23 | E38: Art. 6º e 201, CF/88, 392 CLT.
A39: TOTAL III-C | B39: =SUM(B28:B38) -> 0.25545593 | C39: (soma) | D39: =SUM(D28:D38) -> 1230 | E39: -
A40: 1Referentes unicamente à substituição por motivo de férias | B40: 4Estima-se de 2,96 ausências por ano. | D40: 7Tendo em vista a taxa de natalidade de 1,057% e o percentual de mulheres empregadas de 41%
A41: 2Estima-se de 5,96 dias de licença por ano. | B41: 5Tendo em vista a taxa de natalidade de 1,057% e o percentual de homens empregados de 59%
A42: 3Estima-se que 0,743% dos empregados alocados fruirão o benefício | B42: 6Redução de 7 dias ou de 2h por dia. Percentual relativo a contrato de 12 meses.
A43: GRUPO III-D - Provisão para a rescisão | B43: PERCENTUAL | C43: MEMÓRIA DE CÁLCULO | D43: VALOR | E43: FUNDAMENTO
A44: D.01 Aviso prévio indenizado¹ | B44: =(1/12)*(1/12)*(1+B28+B29) -> 0.0077160494 | C44: (1/12) * 0,055 * (1+ %C.01+%C02) * TOTAL II | D44: =TRUNC(B44*$D$8,2) -> 37.15 | E44: Art. 7º, XXI, CF/88, 477,487 e 491 CLT.
A45: D.02 FGTS sobre aviso prévio indenizado | B45: =(1/12)*0.055*(1+B28+B29)*0.08 -> 0.00040740741 | C45: (1/12) * 0,055* (1+%C.01+%C.02) * 0,08 * TOTAL II | D45: =TRUNC(B45*$D$8,2) -> 1.96 | E45: Súmula 305 do TST.
A46: D.03 Indenização2 | B46: =0.5*0.08 -> 0.04 | C46: 0,5 * 0,08 * TOTAL II | D46: =TRUNC(B46*$D$8,2) -> 192.6 | E46: Art. 18, § 1º, Lei 8.036/90 e Art. 1º, Lei Complementar 110.
A47: D.04 Indenização adicional3 | B47: =(1/12)*0.01 -> 0.00083333333 | C47: (1/12) * 0,01 * TOTAL II | D47: =TRUNC(B47*$D$8,2) -> 4.01 | E47: Art. 9º, Lei 7.238/84
A48: D.05 FGTS sobre afastamento superior a 15 dias por acidente de trabalho | B48: =0.08*B32 -> 2.4766667e-05 | C48: 0,08 * %C.05 * TOTAL II | D48: =TRUNC(B48*$D$8,2) -> 0.11 | E48: Art. 15, §5° da Lei n. 8.036/1990
A49: TOTAL III-D | B49: =SUM(B44:B48) -> 0.048981557 | C49: (soma) | D49: =SUM(D44:D48) -> 235.83 | E49: -
A50: 1Estima-se que 5,5% dos empregados receberão o aviso prévio indenizado | B50: 3Considerando que 1% dos funcionários serão demitidos em situação de recebimento de indenização adicional.
A51: 2Multa de 40% do FGTS + contribuição social sobre o FGTS
A52: GRUPO III-E - Provisão para rescisão - substituto do empregado ausente | B52: PERCENTUAL | C52: MEMÓRIA DE CÁLCULO | D52: VALOR | E52: FUNDAMENTO
A53: E.01 Verbas rescisórias do substituto do empregado ausente | B53: =SUM(B28,B31,B32,B33,B34,B35,B36)*(B23+B28+B29+B13) -> 0.03532312 | C53: (%C.01+C.04+%C.05+%C.06+%C.07+%C.08+%C.09) * (%B.01+%C.01+%C.02+%A.02) * TOTAL II | D53: =TRUNC(B53*$D$8,2) -> 170.08
A54: TOTAL III | B54: =SUM(B53,B49,B39,B25,B20) -> 0.78926061 | C54: TOTAL III-A + TOTAL III-B + TOTAL III-C + TOTAL III-D + TOTAL III-E | D54: =SUM(D20,D25,D39,D49,D53) -> 3800.24 | E54: -
A56: IV - INSUMOS E BENEFÍCIOS MENSAIS E DIÁRIOS
A57: GRUPO IV-A - Uniforme e Insumos de valor subjetivo | B57: VALOR | C57: MEMÓRIA DE CÁLCULO | D57: VALOR | E57: FUNDAMENTO
A58: Outros insumos | B58: ='DETALHAMENTO VALORES SUBJETIVOS'!B12 -> 0 | C58: Em documento anexado à planilha | D58: =TRUNC(B58,2) -> 0 | E58: Insumos eventualmente não previstos na planilha necessários ao cumprimento do objeto.
A59: TOTAL IV-A | C59: (soma) | D59: =SUM(D58:D58) -> 0 | E59: -
A60: GRUPO IV-B - Benefícios mensais e diários | B60: VALOR | C60: MEMÓRIA DE CÁLCULO | D60: VALOR | E60: FUNDAMENTO
A61: Vale alimentação/refeição | B61: 36.57 | C61: =B61 & " * 22" -> 36,57 * 22 | D61: =TRUNC(B61*22,2) -> 804.54 | E61: Baseado no valor praticado pelo BDMG na contratação mais recente de serviços de apoio administrativo. Esse valor é o mínimo aceitável e não poderá ser reduzido. Caso seja necessário complementação, em razão de ACT/CCT ou legislação que vincule o licitante ,o valor complementar deve ser incluído pelo campo Outros benefícios obrigatórios
A62: Vale-transporte | B62: 5.75 | C62: =B62& " * 4 * 22" -> 5,75 * 4 * 22 | D62: =TRUNC(B62*22*4,2) -> 506 | E62: PORTARIA SUMOB N° 236/2024, 2 passagens de ida e 2 de volta, 22 dias.
A63: Desconto legal sobre transporte (máximo de 6% do salário-base) | B63: =D63 -> -288.9 | C63: (-0,06*Salário) | D63: =IF(D62>=TRUNC(0.06*D7,2),TRUNC(-0.06*D7,2),-D62) -> -288.9 | E63: Art. 4º, parágrafo único, Lei 7.418/85.
A64: Plano de saúde1 | B64: 393.02 | C64: =B64 & " * 3" -> 393,02 * 3 | D64: =ROUND(B64*3,2) -> 1179.06 | E64: Considerando o empregado e dois dependentes
A65: Taxa de adesão individual ao plano de saúde1 | B65: 25 | C65: =B65&" * 3/12" -> 25 * 3/12 | D65: =ROUND(B65*3/12,2) -> 6.25
A66: Outros benefícios obrigatórios | B66: ='DETALHAMENTO VALORES SUBJETIVOS'!B22 -> 0 | C66: Detalhada em documento a ser apresentado com a planilha | D66: =B66 -> 0 | E66: Benefícios impostos pela legislação vigente, ACT ou CCT, não previstos na planilha
A67: TOTAL IV-B | C67: (soma) | D67: =SUM(D61:D66) -> 2206.95 | E67: -
A68: 1O Valor mensal máximo reembolsável referente às despesas com Plano de saúde e taxa de adesão individual ao plano de saúde são, respectivamente R$1.179,06 e R$6,25
A69: TOTAL IV | C69: TOTAL IV-A + TOTAL IV-B | D69: =SUM(D59,D67) -> 2206.95 | E69: -
A70: TOTAL 1: TOTAL DA REMUNERAÇÃO + ENCARGOS SOCIAIS + INSUMOS | B70: - | C70: TOTAL II + TOTAL III + TOTAL IV | D70: =SUM(D8,D54,D69) -> 10822.19 | E70: -
A72: V - BONIFICAÇÃO E OUTRAS DESPESAS | B72: PERCENTUAL | C72: MEMÓRIA DE CÁLCULO | D72: VALOR | E72: FUNDAMENTO
A73: Lucro | B73: ='Quadro Resumo'!C13 -> 0 | C73: Sobre o TOTAL 1 | D73: =TRUNC(B73*D70,2) -> 0 | E73: -
A74: Despesas administrativas/operacionais | B74: ='Quadro Resumo'!C14 -> 0 | D74: =TRUNC(B74*D70,2) -> 0 | E74: Conforme detalhamento a ser apresentado em documento anexado à planilha
A75: TOTAL V | B75: =SUM(B73:B74) -> 0 | C75: (soma) | D75: =SUM(D73:D74) -> 0 | E75: -
A77: VI - TRIBUTAÇÃO SOBRE O FATURAMENTO | B77: PERCENTUAL | C77: MEMÓRIA DE CÁLCULO | D77: VALOR | E77: FUNDAMENTO
A78: ISSQN ou ISS | B78: ='Quadro Resumo'!C20 -> 0 | C78: ((TOTAL 1 + TOTAL V)/(1-(ISS + COFINS + PIS/PASEP)))*alíquota | D78: =TRUNC((($D$70+$D$75)/(1-(($B$78+$B$79+$B$80))))*(B78),2) -> 0 | E78: Art. 156, III, CF/88
A79: COFINS | B79: ='Quadro Resumo'!C21 -> 0 | D79: =TRUNC((($D$70+$D$75)/(1-(($B$78+$B$79+$B$80))))*(B79),2) -> 0 | E79: Art. 195, CF/88 e Lei Complementar 70/91
A80: PIS/PASEP | B80: ='Quadro Resumo'!C22 -> 0 | D80: =TRUNC((($D$70+$D$75)/(1-(($B$78+$B$79+$B$80))))*(B80),2) -> 0 | E80: Art. 239, CF/88
A81: TOTAL VI | B81: =SUM(B78:B80) -> 0 | C81: (soma) | D81: =SUM(D78:D80) -> 0 | E81: -
A83: CUSTO POR PROFISSIONAL | B83: - | C83: MEMÓRIA DE CÁLCULO | D83: MENSAL | E83: ANUAL
B84: - | C84: (TOTAL 1 + TOTAL V + TOTAL VI) | D84: =SUM(D70,D75,D81) -> 10822.19 | E84: =D84*12 -> 129866.28

Sheet Posto 2
A1: ="PLANILHA DE COMPOSIÇÃO DE CUSTOS E FORMAÇÃO DE PREÇOS - " &'Quadro Resumo'!B8 -> PLANILHA DE COMPOSIÇÃO DE CUSTOS E FORMAÇÃO DE PREÇOS - ASSISTENTE ADMINISTRATIVO II
A3: I - SALÁRIO BASE DO PROFISSIONAL | D3: VALOR | E3: -
A4: ='Quadro Resumo'!B8 -> ASSISTENTE ADMINISTRATIVO II | C4: Carga horária de 220h | D4: ='Quadro Resumo'!C8 -> 7202.11 | E4: -
A6: II - COMPOSIÇÃO DA REMUNERAÇÃO | B6: QUANTIDADE | C6: MEMÓRIA DE CÁLCULO | D6: VALOR | E6: FUNDAMENTO
A7: Salário-base | B7: - | C7: - | D7: =TRUNC(D4,2) -> 7202.11
A8: TOTAL II | B8: - | C8: (soma) | D8: =SUM(D7:D7) -> 7202.11 | E8: -
A10: III - ENCARGOS SOCIAIS E TRABALHISTAS
A11: GRUPO III-A - Encargos previdenciários, FGTS e outras contribuições | B11: PERCENTUAL | C11: MEMÓRIA DE CÁLCULO | D11: VALOR | E11: FUNDAMENTO
A12: A.01 INSS | B12: 0.2 | C12: 20,000% * TOTAL II | D12: =TRUNC(B12*$D$8,2) -> 1440.42 | E12: Art. 22, inciso I da Lei nº 8.212/91
A13: A.02 FGTS | B13: 0.08 | C13: 8,000% * TOTAL II | D13: =TRUNC(B13*$D$8,2) -> 576.16 | E13: Art. 15, Lei 8.030/90, e Art. 7º , III, CF.
A14: A.03 SESI/SESC | B14: 0.015 | C14: 1,500% * TOTAL II | D14: =TRUNC(B14*$D$8,2) -> 108.03 | E14: Art. 30, Lei 8.036/90.
A15: A.04 SENAI/SENAC | B15: 0.01 | C15: 1,000% * TOTAL II | D15: =TRUNC(B15*$D$8,2) -> 72.02 | E15: Decreto 2.318/86.
A16: A.05 INCRA | B16: 0.002 | C16: 0,200% * TOTAL II | D16: =TRUNC(B16*$D$8,2) -> 14.4 | E16: Lei 7.787/89 e DL 1.146/70.
A17: A.06 SEBRAE | B17: 0.006 | C17: 0,600% * TOTAL II | D17: =TRUNC(B17*$D$8,2) -> 43.21 | E17: Art. 8º, Lei 8.029/90, e Lei 8.154/90.
A18: A.07 Salário educação | B18: 0.025 | C18: 2,500% * TOTAL II | D18: =TRUNC(B18*$D$8,2) -> 180.05 | E18: Art. 3º, I, Decreto 87.043/82.
A19: A.08 Riscos ambientais do trabalho - RAT x FAP | B19: ='Quadro Resumo'!C17 -> 0 | C19: %(RAT*FAP) * TOTAL II | D19: =TRUNC(B19*$D$8,2) -> 0 | E19: Art. 22, inciso II, Lei nº 8.212/91 e Resolução MPS/CNPS Nº 1.316/10
A20: TOTAL III-A | B20: =SUM(B12:B19) -> 0.338 | C20: (soma) | D20: =SUM(D12:D19) -> 2434.29 | E20: -
A22: GRUPO III-B - 13º salário | B22: PERCENTUAL | C22: MEMÓRIA DE CÁLCULO | D22: VALOR | E22: FUNDAMENTO
A23: B.01 13º salário | B23: =(1/12) -> 0.083333333 | C23: (1/12) * TOTAL II | D23: =TRUNC(B23*$D$8,2) -> 600.17 | E23: Art. 7º, VIII, CF/88.
A24: B.02 Incidência dos encargos do grupo A sobre o 13º | B24: =B20*B23 -> 0.028166667 | C24: %TOTAL III-A * %B.01 * TOTAL II | D24: =TRUNC(B24*$D$8,2) -> 202.85 | E24: Art. 15, da Lei 8.036/90, e o art. 214 do Decreto 3.048/1999
A25: TOTAL III-B | B25: =SUM(B23:B24) -> 0.1115 | C25: (soma) | D25: =SUM(D23:D24) -> 803.02 | E25: -
A27: GRUPO III-C - Custo de reposição do profissional ausente | B27: PERCENTUAL | C27: MEMÓRIA DE CÁLCULO | D27: VALOR | E27: FUNDAMENTO
A28: C.01 Férias | B28: =1/12 -> 0.083333333 | C28: (1/12) * TOTAL II | D28: =TRUNC(B28*$D$8,2) -> 600.17 | E28: Art. 7º, XVII, CF/88 e arts. 129 a 153 da CLT.
A29: C.02 Adicional de férias | B29: =(1/3)/12 -> 0.027777778 | C29: (1/3)/12 * TOTAL II | D29: =TRUNC(B29*$D$8,2) -> 200.05 | E29: Art. 7º, XVII, CF/88 e arts. 129 a 153 da CLT.
A30: C.03 Insumos e benefícios1 | B30: =D30/D8 -> 0.023023808 | C30: (TOTAL IV - vale transporte)/12 | D30: =TRUNC((D69-(D62+D63))/12,2) -> 165.82 | E30: Súmula 159 do TST.
A31: C.04 Ausência por doença2 | B31: =(5.96/30)/12 -> 0.016555556 | C31: (5,96/30)/12 * TOTAL II | D31: =TRUNC(B31*$D$8,2) -> 119.23 | E31: Art. 59 a 64, Lei 8.213/91.
A32: C.05 Auxílio doença acidentário3 | B32: =(((15/30)/12)*0.00743) -> 0.00030958333 | C32: ((15/30)/12)* 0,00743 * TOTAL II | D32: =TRUNC(B32*$D$8,2) -> 2.22 | E32: Art. 19 a 23 da Lei, 8.213/91.
A33: C.06 Faltas legais4 | B33: =(2.96/30)/12 -> 0.0082222222 | C33: (2,96/30)/12 * TOTAL II | D33: =TRUNC(B33*$D$8,2) -> 59.21 | E33: Art. 473, CLT.
A34: C.07 Licença paternidade5 | B34: =(5/30)/12*0.01057*0.59 -> 8.6615278e-05 | C34: (5/30)/12 * 0,01057* 0,59 * TOTAL II | D34: =TRUNC(B34*$D$8,2) -> 0.62 | E34: Art. 7º, XIX, CF/88, e 10, §1º, CLT.
A35: C.08 Aviso prévio trabalhado6 | B35: =(7/30)/12 -> 0.019444444 | C35: [(7/30)/12] * TOTAL II | D35: =TRUNC(B35*$D$8,2) -> 140.04 | E35: Art. 7º, XXI, CF/88, 477, 487 e 491 CLT.
A36: C.09 Afastamento maternidade7 | B36: =D36/D8 -> 0.00055955824 | C36: [(Férias + adicional de férias)/12 + (TOTAL IV - vale transporte)] * (4/12) * 0,01057 * 0,49 * TOTAL II | D36: =TRUNC(((D8*(1+(1/3))/12)+D69-(D62+D63))*(4/12)*0.01057*0.41,2) -> 4.03 | E36: Art. 7º, XVII, CF/88 e arts. 129 a 153 da CLT.
A37: C.10 Incidência dos encargos do grupo A sobre itens anteriores | B37: =B20*SUM(B28:B35) -> 0.060418629 | C37: %TOTAL III-A * %(C.01+C.02+C.03+C.04+C.05+C.06+C.07+C.08) * TOTAL II | D37: =TRUNC(B37*$D$8,2) -> 435.14 | E37: Art. 15, da Lei 8.036/90, e o art. 214 do Decreto 3.048/1999
A38: C.11 Incidência dos encargos do grupo A sobre a remuneração do afastamento maternidade | B38: =B20*B36 -> 0.00018913069 | C38: %TOTAL III-A * %C.09 * TOTAL II | D38: =TRUNC(B38*$D$8,2) -> 1.36 | E38: Art. 6º e 201, CF/88, 392 CLT.
A39: TOTAL III-C | B39: =SUM(B28:B38) -> 0.23992066 | C39: (soma) | D39: =SUM(D28:D38) -> 1727.89 | E39: -
A40: 1Referentes unicamente à substituição por motivo de férias | B40: 4Estima-se de 2,96 ausências por ano. | D40: 7Tendo em vista a taxa de natalidade de 1,057% e o percentual de mulheres empregadas de 41%
A41: 2Estima-se de 5,96 dias de licença por ano. | B41: 5Tendo em vista a taxa de natalidade de 1,057% e o percentual de homens empregados de 59%
A42: 3Estima-se que 0,743% dos empregados alocados fruirão o benefício | B42: 6Redução de 7 dias ou de 2h por dia. Percentual relativo a contrato de 12 meses.
A43: GRUPO III-D - Provisão para a rescisão | B43: PERCENTUAL | C43: MEMÓRIA DE CÁLCULO | D43: VALOR | E43: FUNDAMENTO
A44: D.01 Aviso prévio indenizado¹ | B44: =(1/12)*0.055*(1+B28+B29) -> 0.0050925926 | C44: (1/12) * 0,055 * (1+ %C.01+%C02) * TOTAL II | D44: =TRUNC(B44*$D$8,2) -> 36.67 | E44: Art. 7º, XXI, CF/88, 477,487 e 491 CLT.
A45: D.02 FGTS sobre aviso prévio indenizado | B45: =(1/12)*0.055*(1+B28+B29)*0.08 -> 0.00040740741 | C45: (1/12) * 0,055* (1+%C.01+%C.02) * 0,08 * TOTAL II | D45: =TRUNC(B45*$D$8,2) -> 2.93 | E45: Súmula 305 do TST.
A46: D.03 Indenização2 | B46: =0.5*0.08 -> 0.04 | C46: 0,5 * 0,08 * TOTAL II | D46: =TRUNC(B46*$D$8,2) -> 288.08 | E46: Art. 18, § 1º, Lei 8.036/90 e Art. 1º, Lei Complementar 110.
A47: D.04 Indenização adicional3 | B47: =(1/12)*0.01 -> 0.00083333333 | C47: (1/12) * 0,01 * TOTAL II | D47: =TRUNC(B47*$D$8,2) -> 6 | E47: Art. 9º, Lei 7.238/84
A48: D.05 FGTS sobre afastamento superior a 15 dias por acidente de trabalho | B48: =0.08*B32 -> 2.4766667e-05 | C48: 0,08 * %C.05 * TOTAL II | D48: =TRUNC(B48*$D$8,2) -> 0.17 | E48: Art. 15, §5° da Lei n. 8.036/1990
A49: TOTAL III-D | B49: =SUM(B44:B48) -> 0.0463581 | C49: (soma) | D49: =SUM(D44:D48) -> 333.85 | E49: -
A50: 1Estima-se que 5,5% dos empregados receberão o aviso prévio indenizado | B50: 3Considerando que 1% dos funcionários serão demitidos em situação de recebimento de indenização adicional.
A51: 2Multa de 40% do FGTS + contribuição social sobre o FGTS
A52: GRUPO III-E - Provisão para rescisão - substituto do empregado ausente | B52: PERCENTUAL | C52: MEMÓRIA DE CÁLCULO | D52: VALOR | E52: FUNDAMENTO
A53: E.01 Verbas rescisórias do substituto do empregado ausente | B53: =SUM(B28,B31,B32,B33,B34,B35,B36)*(B23+B28+B29+B13) -> 0.035269216 | C53: (%C.01+C.04+%C.05+%C.06+%C.07+%C.08+%C.09) * (%B.01+%C.01+%C.02+%A.02) * TOTAL II | D53: =TRUNC(B53*$D$8,2) -> 254.01
A54: TOTAL III | B54: =SUM(B53,B49,B39,B25,B20) -> 0.77104797 | C54: TOTAL III-A + TOTAL III-B + TOTAL III-C + TOTAL III-D + TOTAL III-E | D54: =SUM(D20,D25,D39,D49,D53) -> 5553.06 | E54: -
A56: IV - INSUMOS E BENEFÍCIOS MENSAIS E DIÁRIOS
A57: GRUPO IV-A - Uniforme e Insumos de valor subjetivo | B57: VALOR | C57: MEMÓRIA DE CÁLCULO | D57: VALOR | E57: FUNDAMENTO
A58: Outros insumos | B58: ='DETALHAMENTO VALORES SUBJETIVOS'!B12 -> 0 | C58: Em documento anexado à planilha | D58: =TRUNC(B58,2) -> 0 | E58: Insumos eventualmente não previstos na planilha necessários ao cumprimento do objeto.
A59: TOTAL IV-A | C59: (soma) | D59: =SUM(D58:D58) -> 0 | E59: -
A60: GRUPO IV-B - Benefícios mensais e diários | B60: VALOR | C60: MEMÓRIA DE CÁLCULO | D60: VALOR | E60: FUNDAMENTO
A61: Vale alimentação/refeição | B61: 36.57 | C61: =B61 & " * 22" -> 36,57 * 22 | D61: =TRUNC(B61*22,2) -> 804.54 | E61: Baseado no valor praticado pelo BDMG na contratação mais recente de serviços de apoio administrativo. Esse valor é o mínimo aceitável e não poderá ser reduzido. Caso seja necessário complementação, em razão de ACT/CCT ou legislação que vincule o licitante ,o valor complementar deve ser incluído pelo campo Outros benefícios obrigatórios
A62: Vale-transporte | B62: 5.75 | C62: =B62& " * 4 * 22" -> 5,75 * 4 * 22 | D62: =TRUNC(B62*22*4,2) -> 506 | E62: PORTARIA SUMOB N° 236/2024, 2 passagens de ida e 2 de volta, 22 dias.
A63: Desconto legal sobre transporte (máximo de 6% do salário-base) | B63: =D63 -> -432.12 | C63: (-0,06*Salário) | D63: =IF(D62>=TRUNC(0.06*D7,2),TRUNC(-0.06*D7,2),-D62) -> -432.12 | E63: Art. 4º, parágrafo único, Lei 7.418/85.
A64: Plano de saúde1 | B64: 393.02 | C64: =B64 & " * 3" -> 393,02 * 3 | D64: =ROUND(B64*3,2) -> 1179.06 | E64: Considerando o empregado e dois dependentes
A65: Taxa de adesão individual ao plano de saúde1 | B65: 25 | C65: =B65&" * 3/12" -> 25 * 3/12 | D65: =ROUND(B65*3/12,2) -> 6.25
A66: Outros benefícios obrigatórios | B66: ='DETALHAMENTO VALORES SUBJETIVOS'!B22 -> 0 | C66: Detalhada em documento a ser apresentado com a planilha | D66: =B66 -> 0 | E66: Benefícios impostos pela legislação vigente, ACT ou CCT, não previstos na planilha
A67: TOTAL IV-B | C67: (soma) | D67: =SUM(D61:D66) -> 2063.73 | E67: -
A68: 1O Valor mensal máximo reembolsável referente às despesas com Plano de saúde e taxa de adesão individual ao plano de saúde são, respectivamente R$1.179,06 e R$6,25
A69: TOTAL IV | C69: TOTAL IV-A + TOTAL IV-B | D69: =SUM(D59,D67) -> 2063.73 | E69: -
A70: TOTAL 1: TOTAL DA REMUNERAÇÃO + ENCARGOS SOCIAIS + INSUMOS | B70: - | C70: TOTAL II + TOTAL III + TOTAL IV | D70: =SUM(D8,D54,D69) -> 14818.9 | E70: -
A72: V - BONIFICAÇÃO E OUTRAS DESPESAS | B72: PERCENTUAL | C72: MEMÓRIA DE CÁLCULO | D72: VALOR | E72: FUNDAMENTO
A73: Lucro | B73: ='Quadro Resumo'!C13 -> 0 | C73: Sobre o TOTAL 1 | D73: =TRUNC(B73*D70,2) -> 0 | E73: -
A74: Despesas administrativas/operacionais | B74: ='Quadro Resumo'!C14 -> 0 | D74: =TRUNC(B74*D70,2) -> 0 | E74: Conforme detalhamento a ser apresentado em documento anexado à planilha
A75: TOTAL V | B75: =SUM(B73:B74) -> 0 | C75: (soma) | D75: =SUM(D73:D74) -> 0 | E75: -
A77: VI - TRIBUTAÇÃO SOBRE O FATURAMENTO | B77: PERCENTUAL | C77: MEMÓRIA DE CÁLCULO | D77: VALOR | E77: FUNDAMENTO
A78: ISSQN ou ISS | B78: ='Quadro Resumo'!C20 -> 0 | C78: ((TOTAL 1 + TOTAL V)/(1-(ISS + COFINS + PIS/PASEP)))*alíquota | D78: =TRUNC((($D$70+$D$75)/(1-(($B$78+$B$79+$B$80))))*(B78),2) -> 0 | E78: Art. 156, III, CF/88
A79: COFINS | B79: ='Quadro Resumo'!C21 -> 0 | D79: =TRUNC((($D$70+$D$75)/(1-(($B$78+$B$79+$B$80))))*(B79),2) -> 0 | E79: Art. 195, CF/88 e Lei Complementar 70/91
A80: PIS/PASEP | B80: ='Quadro Resumo'!C22 -> 0 | D80: =TRUNC((($D$70+$D$75)/(1-(($B$78+$B$79+$B$80))))*(B80),2) -> 0 | E80: Art. 239, CF/88
A81: TOTAL VI | B81: =SUM(B78:B80) -> 0 | C81: (soma) | D81: =SUM(D78:D80) -> 0 | E81: -
A83: CUSTO POR PROFISSIONAL | B83: - | C83: MEMÓRIA DE CÁLCULO | D83: MENSAL | E83: ANUAL
B84: - | C84: (TOTAL 1 + TOTAL V + TOTAL VI) | D84: =SUM(D70,D75,D81) -> 14818.9 | E84: =D84*12 -> 177826.8

Sheet Posto 3
A1: ="PLANILHA DE COMPOSIÇÃO DE CUSTOS E FORMAÇÃO DE PREÇOS - " &'Quadro Resumo'!B9 -> PLANILHA DE COMPOSIÇÃO DE CUSTOS E FORMAÇÃO DE PREÇOS - ENCARREGADO ADMINISTRATIVO
A3: I - SALÁRIO BASE DO PROFISSIONAL | D3: VALOR | E3: -
A4: ='Quadro Resumo'!B9 -> ENCARREGADO ADMINISTRATIVO | C4: Carga horária de 220h | D4: ='Quadro Resumo'!C9 -> 9630 | E4: -
A6: II - COMPOSIÇÃO DA REMUNERAÇÃO | B6: QUANTIDADE | C6: MEMÓRIA DE CÁLCULO | D6: VALOR | E6: FUNDAMENTO
A7: Salário-base | B7: - | C7: - | D7: =TRUNC(D4,2) -> 9630
A8: TOTAL II | B8: - | C8: (soma) | D8: =SUM(D7:D7) -> 9630 | E8: -
A10: III - ENCARGOS SOCIAIS E TRABALHISTAS
A11: GRUPO III-A - Encargos previdenciários, FGTS e outras contribuições | B11: PERCENTUAL | C11: MEMÓRIA DE CÁLCULO | D11: VALOR | E11: FUNDAMENTO
A12: A.01 INSS | B12: 0.2 | C12: 20,000% * TOTAL II | D12: =TRUNC(B12*$D$8,2) -> 1926 | E12: Art. 22, inciso I da Lei nº 8.212/91
A13: A.02 FGTS | B13: 0.08 | C13: 8,000% * TOTAL II | D13: =TRUNC(B13*$D$8,2) -> 770.4 | E13: Art. 15, Lei 8.030/90, e Art. 7º , III, CF.
A14: A.03 SESI/SESC | B14: 0.015 | C14: 1,500% * TOTAL II | D14: =TRUNC(B14*$D$8,2) -> 144.45 | E14: Art. 30, Lei 8.036/90.
A15: A.04 SENAI/SENAC | B15: 0.01 | C15: 1,000% * TOTAL II | D15: =TRUNC(B15*$D$8,2) -> 96.3 | E15: Decreto 2.318/86.
A16: A.05 INCRA | B16: 0.002 | C16: 0,200% * TOTAL II | D16: =TRUNC(B16*$D$8,2) -> 19.26 | E16: Lei 7.787/89 e DL 1.146/70.
A17: A.06 SEBRAE | B17: 0.006 | C17: 0,600% * TOTAL II | D17: =TRUNC(B17*$D$8,2) -> 57.78 | E17: Art. 8º, Lei 8.029/90, e Lei 8.154/90.
A18: A.07 Salário educação | B18: 0.025 | C18: 2,500% * TOTAL II | D18: =TRUNC(B18*$D$8,2) -> 240.75 | E18: Art. 3º, I, Decreto 87.043/82.
A19: A.08 Riscos ambientais do trabalho - RAT x FAP | B19: ='Quadro Resumo'!C17 -> 0 | C19: %(RAT*FAP) * TOTAL II | D19: =TRUNC(B19*$D$8,2) -> 0 | E19: Art. 22, inciso II, Lei nº 8.212/91 e Resolução MPS/CNPS Nº 1.316/10
A20: TOTAL III-A | B20: =SUM(B12:B19) -> 0.338 | C20: (soma) | D20: =SUM(D12:D19) -> 3254.94 | E20: -
A22: GRUPO III-B - 13º salário | B22: PERCENTUAL | C22: MEMÓRIA DE CÁLCULO | D22: VALOR | E22: FUNDAMENTO
A23: B.01 13º salário | B23: =(1/12) -> 0.083333333 | C23: (1/12) * TOTAL II | D23: =TRUNC(B23*$D$8,2) -> 802.5 | E23: Art. 7º, VIII, CF/88.
A24: B.02 Incidência dos encargos do grupo A sobre o 13º | B24: =B20*B23 -> 0.028166667 | C24: %TOTAL III-A * %B.01 * TOTAL II | D24: =TRUNC(B24*$D$8,2) -> 271.24 | E24: Art. 15, da Lei 8.036/90, e o art. 214 do Decreto 3.048/1999
A25: TOTAL III-B | B25: =SUM(B23:B24) -> 0.1115 | C25: (soma) | D25: =SUM(D23:D24) -> 1073.74 | E25: -
A27: GRUPO III-C - Custo de reposição do profissional ausente | B27: PERCENTUAL | C27: MEMÓRIA DE CÁLCULO | D27: VALOR | E27: FUNDAMENTO
A28: C.01 Férias | B28: =1/12 -> 0.083333333 | C28: (1/12) * TOTAL II | D28: =TRUNC(B28*$D$8,2) -> 802.5 | E28: Art. 7º, XVII, CF/88 e arts. 129 a 153 da CLT.
A29: C.02 Adicional de férias | B29: =(1/3)/12 -> 0.027777778 | C29: (1/3)/12 * TOTAL II | D29: =TRUNC(B29*$D$8,2) -> 267.5 | E29: Art. 7º, XVII, CF/88 e arts. 129 a 153 da CLT.
A30: C.03 Insumos e benefícios1 | B30: =D30/D8 -> 0.017219107 | C30: (TOTAL IV - vale transporte)/12 | D30: =TRUNC((D70-(D63+D64))/12,2) -> 165.82 | E30: Súmula 159 do TST.
A31: C.04 Ausência por doença2 | B31: =(5.96/30)/12 -> 0.016555556 | C31: (5,96/30)/12 * TOTAL II | D31: =TRUNC(B31*$D$8,2) -> 159.43 | E31: Art. 59 a 64, Lei 8.213/91.
A32: C.05 Auxílio doença acidentário3 | B32: =(((15/30)/12)*0.00743) -> 0.00030958333 | C32: ((15/30)/12)* 0,00743 * TOTAL II | D32: =TRUNC(B32*$D$8,2) -> 2.98 | E32: Art. 19 a 23 da Lei, 8.213/91.
A33: C.06 Faltas legais4 | B33: =(2.96/30)/12 -> 0.0082222222 | C33: (2,96/30)/12 * TOTAL II | D33: =TRUNC(B33*$D$8,2) -> 79.18 | E33: Art. 473, CLT.
A34: C.07 Licença paternidade5 | B34: =(5/30)/12*0.01057*0.59 -> 8.6615278e-05 | C34: (5/30)/12 * 0,01057 * 0,59 * TOTAL II | D34: =TRUNC(B34*$D$8,2) -> 0.83 | E34: Art. 7º, XIX, CF/88, e 10, §1º, CLT.
A35: C.08 Aviso prévio trabalhado6 | B35: =(7/30)/12 -> 0.019444444 | C35: [(7/30)/12] * TOTAL II | D35: =TRUNC(B35*$D$8,2) -> 187.25 | E35: Art. 7º, XXI, CF/88, 477, 487 e 491 CLT.
A36: C.09 Afastamento maternidade7 | B36: =D36/D8 -> 0.00045898235 | C36: [(Férias + adicional de férias)/12 + (TOTAL IV - vale transporte)] * (4/12) * 0,01057 * 0,41 * TOTAL II | D36: =TRUNC(((D8*(1+(1/3))/12)+D70-(D63+D64))*(4/12)*0.01057*0.41,2) -> 4.42 | E36: Art. 7º, XVII, CF/88 e arts. 129 a 153 da CLT.
A37: C.10 Incidência dos encargos do grupo A sobre itens anteriores | B37: =B20*SUM(B28:B35) -> 0.05845664 | C37: %TOTAL III-A * %(C.01+C.02+C.03+C.04+C.05+C.06+C.07+C.08) * TOTAL II | D37: =TRUNC(B37*$D$8,2) -> 562.93 | E37: Art. 15, da Lei 8.036/90, e o art. 214 do Decreto 3.048/1999
A38: C.11 Incidência dos encargos do grupo A sobre a remuneração do afastamento maternidade | B38: =B20*B36 -> 0.00015513603 | C38: %TOTAL III-A * %C.09 * TOTAL II | D38: =TRUNC(B38*$D$8,2) -> 1.49 | E38: Art. 6º e 201, CF/88, 392 CLT.
A39: TOTAL III-C | B39: =SUM(B28:B38) -> 0.2320194 | C39: (soma) | D39: =SUM(D28:D38) -> 2234.33 | E39: -
A40: 1Referentes unicamente à substituição por motivo de férias | B40: 4Estima-se de 2,96 ausências por ano. | D40: 7Tendo em vista a taxa de natalidade de 1,057% e o percentual de mulheres empregadas de 41%
A41: 2Estima-se de 5,96 dias de licença por ano. | B41: 5Tendo em vista a taxa de natalidade de 1,057% e o percentual de homens empregados de 59%
A42: 3Estima-se que 0,743% dos empregados alocados fruirão o benefício | B42: 6Redução de 7 dias ou de 2h por dia. Percentual relativo a contrato de 12 meses.
A43: GRUPO III-D - Provisão para a rescisão | B43: PERCENTUAL | C43: MEMÓRIA DE CÁLCULO | D43: VALOR | E43: FUNDAMENTO
A44: D.01 Aviso prévio indenizado¹ | B44: =(1/12)*0.055*(1+B28+B29) -> 0.0050925926 | C44: (1/12) * 0,055 * (1+ %C.01+%C02) * TOTAL II | D44: =TRUNC(B44*$D$8,2) -> 49.04 | E44: Art. 7º, XXI, CF/88, 477,487 e 491 CLT.
A45: D.02 FGTS sobre aviso prévio indenizado | B45: =(1/12)*0.055*(1+B28+B29)*0.08 -> 0.00040740741 | C45: (1/12) * 0,055* (1+%C.01+%C.02) * 0,08 * TOTAL II | D45: =TRUNC(B45*$D$8,2) -> 3.92 | E45: Súmula 305 do TST.
A46: D.03 Indenização2 | B46: =0.5*0.08 -> 0.04 | C46: 0,5 * 0,08 * TOTAL II | D46: =TRUNC(B46*$D$8,2) -> 385.2 | E46: Art. 18, § 1º, Lei 8.036/90 e Art. 1º, Lei Complementar 110.
A47: D.04 Indenização adicional3 | B47: =(1/12)*0.01 -> 0.00083333333 | C47: (1/12) * 0,01 * TOTAL II | D47: =TRUNC(B47*$D$8,2) -> 8.02 | E47: Art. 9º, Lei 7.238/84
A48: D.05 FGTS sobre afastamento superior a 15 dias por acidente de trabalho | B48: =0.08*B32 -> 2.4766667e-05 | C48: 0,08 * %C.05 * TOTAL II | D48: =TRUNC(B48*$D$8,2) -> 0.23 | E48: Art. 15, §5° da Lei n. 8.036/1990
A49: TOTAL III-D | B49: =SUM(B44:B48) -> 0.0463581 | C49: (soma) | D49: =SUM(D44:D48) -> 446.41 | E49: -
A50: 1Estima-se que 5,5% dos empregados receberão o aviso prévio indenizado | B50: 3Considerando que 1% dos funcionários serão demitidos em situação de recebimento de indenização adicional.
A51: 2Multa de 40% do FGTS + contribuição social sobre o FGTS
A52: GRUPO III-E - Provisão para rescisão - substituto do empregado ausente | B52: PERCENTUAL | C52: MEMÓRIA DE CÁLCULO | D52: VALOR | E52: FUNDAMENTO
A53: E.01 Verbas rescisórias do substituto do empregado ausente | B53: =SUM(B28,B31,B32,B33,B34,B35,B36)*(B23+B28+B29+B13) -> 0.035241613 | C53: (%C.01+C.04+%C.05+%C.06+%C.07+%C.08+%C.09) * (%B.01+%C.01+%C.02+%A.02) * TOTAL II | D53: =TRUNC(B53*$D$8,2) -> 339.37
A54: TOTAL III | B54: =SUM(B53,B49,B39,B25,B20) -> 0.76311911 | C54: TOTAL III-A + TOTAL III-B + TOTAL III-C + TOTAL III-D + TOTAL III-E | D54: =SUM(D20,D25,D39,D49,D53) -> 7348.79 | E54: -
A56: IV - INSUMOS E BENEFÍCIOS MENSAIS E DIÁRIOS
A57: GRUPO IV-A - Insumos de valor subjetivo | B57: VALOR | C57: MEMÓRIA DE CÁLCULO | D57: VALOR | E57: FUNDAMENTO
A58: Outros insumos | B58: ='DETALHAMENTO VALORES SUBJETIVOS'!B12 -> 0 | C58: Em documento anexado à planilha | D58: =TRUNC(B58,2) -> 0 | E58: Insumos eventualmente não previstos na planilha necessários ao cumprimento do objeto.
A59: TOTAL IV-A | C59: (soma) | D59: =SUM(D58:D58) -> 0 | E59: -
A61: GRUPO IV-B - Benefícios mensais e diários | B61: VALOR | C61: MEMÓRIA DE CÁLCULO | D61: VALOR | E61: FUNDAMENTO
A62: Vale alimentação/refeição | B62: 36.57 | C62: =B62 & " * 22" -> 36,57 * 22 | D62: =TRUNC(B62*22,2) -> 804.54 | E62: Baseado no valor praticado pelo BDMG na contratação mais recente de serviços de apoio administrativo. Esse valor é o mínimo aceitável e não poderá ser reduzido. Caso seja necessário complementação, em razão de ACT/CCT ou legislação que vincule o licitante ,o valor complementar deve ser incluído pelo campo Outros benefícios obrigatórios
A63: Vale-transporte | B63: 5.75 | C63: =B63& " * 4 * 22" -> 5,75 * 4 * 22 | D63: =TRUNC(B63*22*4,2) -> 506 | E63: PORTARIA SUMOB N° 236/2024, 2 passagens de ida e 2 de volta, 22 dias.
A64: Desconto legal sobre transporte (máximo de 6% do salário-base) | B64: =D64 -> -506 | C64: (-0,06*Salário) | D64: =IF(D63>=TRUNC(0.06*D7,2),TRUNC(-0.06*D7,2),-D63) -> -506 | E64: Art. 4º, parágrafo único, Lei 7.418/85.
A65: Plano de saúde1 | B65: 393.02 | C65: =B65 & " * 3" -> 393,02 * 3 | D65: =ROUND(B65*3,2) -> 1179.06 | E65: Considerando o empregado e dois dependentes
A66: Taxa de adesão individual ao plano de saúde1 | B66: 25 | C66: =B66&" * 3/12" -> 25 * 3/12 | D66: =ROUND(B66*3/12,2) -> 6.25
A67: Outros benefícios obrigatórios | B67: ='DETALHAMENTO VALORES SUBJETIVOS'!B22 -> 0 | C67: Detalhada em documento a ser apresentado com a planilha | D67: =B67 -> 0 | E67: Benefícios impostos pela legislação vigente, ACT ou CCT, não previstos na planilha
A68: TOTAL IV-B | C68: (soma) | D68: =SUM(D62:D67) -> 1989.85 | E68: -
A69: 1O Valor mensal máximo reembolsável referente às despesas com Plano de saúde e taxa de adesão individual ao plano de saúde são, respectivamente R$1.179,06 e R$6,25
A70: TOTAL IV | C70: TOTAL IV-A + TOTAL IV-B | D70: =SUM(D59,D68) -> 1989.85 | E70: -
A72: TOTAL 1: TOTAL DA REMUNERAÇÃO + ENCARGOS SOCIAIS + INSUMOS | B72: - | C72: TOTAL II + TOTAL III + TOTAL IV | D72: =SUM(D8,D54,D70) -> 18968.64 | E72: -
A74: V - BONIFICAÇÃO E OUTRAS DESPESAS | B74: PERCENTUAL | C74: MEMÓRIA DE CÁLCULO | D74: VALOR | E74: FUNDAMENTO
A75: Lucro | B75: ='Quadro Resumo'!C13 -> 0 | C75: Sobre o TOTAL 1 | D75: =TRUNC(B75*D72,2) -> 0 | E75: -
A76: Despesas administrativas/operacionais | B76: ='Quadro Resumo'!C14 -> 0 | D76: =TRUNC(B76*D72,2) -> 0 | E76: Conforme detalhamento a ser apresentado em documento anexado à planilha
A77: TOTAL V | B77: =SUM(B75:B76) -> 0 | C77: (soma) | D77: =SUM(D75:D76) -> 0 | E77: -
A79: VI - TRIBUTAÇÃO SOBRE O FATURAMENTO | B79: PERCENTUAL | C79: MEMÓRIA DE CÁLCULO | D79: VALOR | E79: FUNDAMENTO
A80: ISSQN ou ISS | B80: ='Quadro Resumo'!C20 -> 0 | C80: ((TOTAL 1 + TOTAL V)/(1-(ISS + COFINS + PIS/PASEP)))*alíquota | D80: =TRUNC((($D$72+$D$77)/(1-(($B$80+$B$81+$B$82))))*(B80),2) -> 0 | E80: Art. 156, III, CF/88
A81: COFINS | B81: ='Quadro Resumo'!C21 -> 0 | D81: =TRUNC((($D$72+$D$77)/(1-(($B$80+$B$81+$B$82))))*(B81),2) -> 0 | E81: Art. 195, CF/88 e Lei Complementar 70/91
A82: PIS/PASEP | B82: ='Quadro Resumo'!C22 -> 0 | D82: =TRUNC((($D$72+$D$77)/(1-(($B$80+$B$81+$B$82))))*(B82),2) -> 0 | E82: Art. 239, CF/88
A83: TOTAL VI | B83: =SUM(B80:B82) -> 0 | C83: (soma) | D83: =SUM(D80:D82) -> 0 | E83: -
A85: CUSTO POR PROFISSIONAL | B85: - | C85: MEMÓRIA DE CÁLCULO | D85: MENSAL | E85: ANUAL
B86: - | C86: (TOTAL 1 + TOTAL V + TOTAL VI) | D86: =SUM(D72,D77,D83) -> 18968.64 | E86: =D86*12 -> 227623.68
